Sasquatch vs Little Stars
(R1)
Created - May 19, 2018 at 21:21
Goals
|
| Sasquatch |
0 |
2 |
0 |
2 |
| Little Stars |
1 |
3 |
4 |
8 |
|
Shots
|
| Sasquatch |
5 |
21 |
6 |
32 |
| Little Stars |
16 |
12 |
10 |
38 |
|
1st period
1. Little Stars , Brian Flynn 3 (Phil Oreskovic 3, Niklas Hjalmarsson 6) at 12:37
Penalties :
Nick Bjugstad (Gat) for Interference (Minor) at 5:49, Drew Shore (Gat) for Interference (Minor) at 12:55
2nd period
2. Little Stars , Jesper Fast 2 (Niklas Hjalmarsson 7, Alexander Vasyunov 4) at 4:25
3. Sasquatch , Teemu Hartikainen 1 (Sergey Kalinin 4, Matt Taormina 4) at 7:26
4. Sasquatch , Sergey Kalinin 4 (Matt Taormina 5, Brock Trotter 4) at 8:13
5. Little Stars , Hugh Jessiman 5 (Mathieu Perreault 6, Andrej Sustr 5) at 12:51
6. Little Stars , Alex Chiasson 7 (Jesse Joensuu 5, Brian Flynn 11) at 14:16 (PP)
Penalties :
Nick Leddy (Gat) for Holding (Minor) at 13:54, Jordie Benn (Tex) for Roughing (Minor) at 17:15
3rd period
7. Little Stars , Dana Tyrell 2 (Cam Atkinson 5, Jesse Joensuu 6) at 3:14
8. Little Stars , Cam Atkinson 5 (Robert Klinkhammer 3) at 16:04
9. Little Stars , Phil Oreskovic 3 (Niklas Hjalmarsson 8, Dana Tyrell 3) at 16:39
10. Little Stars , Alex Chiasson 8 (Brian Flynn 12, Jordie Benn 4) at 16:47
Penalties :
Jesse Joensuu (Tex) for Delaying the game (Minor) at 3:17, Niklas Hjalmarsson (Tex) for Tripping (Minor) at 8:53, Drew Shore (Gat) for Interference (Minor) at 12:01, Jordie Benn (Tex) for Boarding (Minor) at 16:53
Goalie Stats
Corey Crawford (Gat), 30 saves from 38 shots - (0.789), L, 6-4-1, 60:00 minutes
Jhonas Enroth (Tex), 30 saves from 32 shots - (0.938), W, 7-3-0, 60:00 minutes
Players Stats for Sasquatch
Player Name G A P +/- PIM S H SB GA TA FO MP PP MP PK MP
------------------------------------------------------------------------------------
Brandon Gormley 0 0 0 -1 0 1 3 0 1 0 0/0 19:04 3:17 2:30
Brock Trotter 0 1 1 -2 0 2 1 1 0 0 0/0 11:42 0:00 1:28
Drew Shore 0 0 0 -3 4 3 2 1 0 0 16/42 21:04 4:05 1:28
Filip Forsberg 0 0 0 -3 0 3 1 0 0 0 0/1 19:46 4:13 0:00
Jason Akeson 0 0 0 -3 0 1 2 1 0 0 1/2 19:46 4:13 0:00
Jason Zucker 0 0 0 -1 0 2 1 0 1 1 0/1 17:14 3:43 0:28
Lauri Tukonen 0 0 0 -2 0 2 2 0 0 0 0/1 14:41 0:00 3:32
Martin Marincin 0 0 0 -1 0 2 1 0 0 0 0/0 15:22 0:00 3:49
Matt Halischuk 0 0 0 -1 0 1 0 0 1 0 0/1 13:06 0:00 0:40
Matt Taormina 0 2 2 0 0 2 3 2 1 0 0/0 24:33 3:17 3:49
Melker Karlsson 0 0 0 -2 0 3 1 0 0 0 3/4 10:22 0:08 0:00
Nick Bjugstad 0 0 0 -1 2 2 2 0 0 1 7/9 17:11 3:43 0:38
Nick Leddy 0 0 0 -4 2 3 1 4 0 0 0/0 22:20 4:39 0:00
Patrick Wey 0 0 0 -4 0 1 2 1 1 1 0/0 24:51 4:39 2:30
Petr Straka 0 0 0 1 0 0 1 0 0 0 0/0 10:12 3:43 0:00
Sergey Kalinin 1 1 2 1 0 3 2 0 0 0 1/3 9:14 0:00 2:13
Slava Voynov 0 0 0 0 0 0 2 1 0 0 0/0 13:49 0:00 0:00
Teemu Hartikainen 1 0 1 1 0 1 0 0 1 0 1/4 9:20 0:00 2:11
Players Stats for Little Stars
Player Name G A P +/- PIM S H SB GA TA FO MP PP MP PK MP
------------------------------------------------------------------------------------
Alex Chiasson 2 0 2 2 0 7 0 0 0 0 2/7 23:24 3:30 4:23
Alexander Vasyunov 0 1 1 0 0 1 0 0 0 0 0/1 11:25 0:00 1:39
Andrej Sustr 0 1 1 0 0 0 1 1 0 0 0/0 14:30 0:00 0:09
Brian Flynn 1 2 3 2 0 6 3 0 0 0 22/33 20:55 3:33 1:54
Cam Atkinson 1 1 2 2 0 2 3 0 0 2 1/1 20:00 2:38 4:23
Dana Tyrell 1 1 2 2 0 3 0 0 0 0 6/12 15:06 2:42 0:00
Daniel O'regan 0 0 0 1 0 0 1 0 0 0 1/2 7:17 0:00 0:00
Hugh Jessiman 1 0 1 0 0 2 5 1 0 0 1/1 12:09 0:04 1:54
Jesper Fast 1 0 1 1 0 4 1 0 1 0 1/1 7:36 0:04 0:00
Jesse Joensuu 0 2 2 2 2 1 3 0 0 0 1/3 18:31 3:33 0:00
Jordie Benn 0 1 1 3 4 0 1 1 0 0 0/0 17:30 2:46 1:28
Mathieu Perreault 0 1 1 0 0 3 3 0 0 0 2/4 9:53 0:14 0:00
Michael Mersch 0 0 0 1 0 0 2 0 0 0 1/1 9:18 0:00 1:39
Niklas Hjalmarsson 0 3 3 2 2 3 0 2 1 1 0/0 25:55 3:33 3:42
Phil Oreskovic 1 1 2 2 0 2 2 1 0 1 0/0 26:31 3:33 4:49
Robert Klinkhammer 0 1 1 2 0 1 1 0 0 1 1/2 15:03 2:39 0:00
Tyson Barrie 0 0 0 0 0 2 1 2 1 0 0/0 16:43 0:00 2:37
Yannick Weber 0 0 0 3 0 1 2 1 0 1 0/0 20:14 2:46 3:07
3 Stars
1 - Brian Flynn (Tex)
2 - Alex Chiasson (Tex)
3 - Cam Atkinson (Tex)
Power Play
Sasquatch - 0 on 4 Attempt(s) - 0.00%
Little Stars - 1 on 4 Attempt(s) - 25.00%
Penalty Kill
Sasquatch - 3 on 4 Attempt(s) - 75.00%
- Score 0 goal in Penalty Kill
Little Stars - 4 on 4 Attempt(s) - 100.00%
- Score 0 goal in Penalty Kill
Team Stat
Sasquatch - Hits : 27 - Faceoff Wins : 29 - Blocked Shots : 11 - Penalty Minutes : 8
Little Stars - Hits : 29 - Faceoff Wins : 39 - Blocked Shots : 9 - Penalty Minutes : 8
Official
Referees : Banfield David and Hebert Ghislain
Linesman : Scott Driscoll and Bryan Pancich
Game Notes
No Game Note
Finance
Level 1 -- Attendance: 2000 (100.00%) -- Ticket Income $80,000
Level 2 -- Attendance: 1000 (100.00%) -- Ticket Income $20,000
Total Attendance: 3000 (100.00%)
Total Ticket Income: $100,000
Other Income: $5,000
Total Income: $105,000
Sasquatch
5 vs 5 Forward
Center Left Wing Right Wing Time % Phy DF OF
1 Drew Shore Filip Forsberg Jason Akeson 40 1 2 2
2 Nick Bjugstad Jason Zucker Matt Halischuk 30 1 2 2
3 Melker Karlsson Brock Trotter Lauri Tukonen 20 1 2 2
4 Sergey Kalinin Teemu Hartikainen Petr Straka 10 1 2 2
5 vs 5 Defense
Defense Defense Time % Phy DF OF
1 Patrick Wey Nick Leddy 40 1 2 2
2 Brandon Gormley Matt Taormina 30 1 2 2
3 Martin Marincin Slava Voynov 20 1 2 2
4 Slava Voynov Matt Taormina 10 1 2 2
PowerPlay Forward
Center Left Wing Right Wing Time % Phy DF OF
1 Drew Shore Filip Forsberg Jason Akeson 60 1 2 2
2 Nick Bjugstad Jason Zucker Petr Straka 40 1 2 2
PowerPlay Defense
Defense Defense Time % Phy DF OF
1 Nick Leddy Patrick Wey 60 1 2 2
2 Brandon Gormley Matt Taormina 40 1 2 2
Penalty Kill 4 Players Forward
Center Wing Time % Phy DF OF
1 Drew Shore Lauri Tukonen 60 1 2 2
2 Sergey Kalinin Matt Halischuk 40 1 2 2
Penalty Kill 4 Players Defense
Defense Defense Time % Phy DF OF
1 Martin Marincin Matt Taormina 60 1 2 2
2 Brandon Gormley Patrick Wey 40 1 2 2
Penalty Kill - 3 Players Forward
Forward Time % Phy DF OF
1 Sergey Kalinin 60 1 2 2
2 Drew Shore 40 1 2 2
Penalty Kill - 3 Players Defense
Defense Defense Time % Phy DF OF
1 Matt Taormina Brandon Gormley 60 1 2 2
2 Martin Marincin Patrick Wey 40 1 2 2
4 vs 4 Forward
Center Wing Time % Phy DF OF
1 Nick Bjugstad Filip Forsberg 60 1 2 2
2 Drew Shore Jason Zucker 40 1 2 2
4 vs 4 Defense
Defense Defense Time % Phy DF OF
1 Brandon Gormley Patrick Wey 60 1 2 2
2 Nick Leddy Martin Marincin 40 1 2 2
Last Minutes Offensive
Center Left Wing Right Wing Defense Defense
Drew Shore Filip Forsberg Jason Akeson Brandon Gormley Nick Leddy
Last Minutes Defensive
Center Left Wing Right Wing Defense Defense
Drew Shore Teemu Hartikainen Matt Halischuk Martin Marincin Matt Taormina
Goaltenders
Starting : Corey Crawford
Backup : Joonas Korpisalo
Extra Forwards
Normal : Jason Zucker, Petr Straka, Teemu Hartikainen - PP : Jason Zucker, Melker Karlsson - PK : Teemu Hartikainen
Extra Defensemen
Normal : Brandon Gormley, Slava Voynov, Nick Leddy - PP : Brandon Gormley - PK : Nick Leddy, Slava Voynov
Penalty Shots
Jason Akeson, Jason Zucker, Filip Forsberg, Nick Leddy, Lauri Tukonen
Scratches
Andy Andreoff (Healthy), T.J. Tynan (Healthy), Nicolas Deslauriers (Healthy), Ty Rattie (Healthy), Joey Laleggia (Healthy)
Andrew Campbell (Healthy), Jack Campbell (Healthy)
Little Stars
5 vs 5 Forward
Center Left Wing Right Wing Time % Phy DF OF
1 Brian Flynn Jesse Joensuu Alex Chiasson 40 1 2 2
2 Dana Tyrell Robert Klinkhammer Cam Atkinson 30 1 2 2
3 Mathieu Perreault Alexander Vasyunov Hugh Jessiman 20 1 2 2
4 Daniel O'regan Michael Mersch Jesper Fast 10 1 2 2
5 vs 5 Defense
Defense Defense Time % Phy DF OF
1 Niklas Hjalmarsson Phil Oreskovic 40 1 2 2
2 Yannick Weber Jordie Benn 30 1 2 2
3 Andrej Sustr Tyson Barrie 30 1 2 2
4 Niklas Hjalmarsson Phil Oreskovic 0 1 2 2
PowerPlay Forward
Center Left Wing Right Wing Time % Phy DF OF
1 Brian Flynn Jesse Joensuu Alex Chiasson 60 1 2 2
2 Dana Tyrell Robert Klinkhammer Cam Atkinson 40 1 2 2
PowerPlay Defense
Defense Defense Time % Phy DF OF
1 Niklas Hjalmarsson Phil Oreskovic 60 1 2 2
2 Yannick Weber Jordie Benn 40 1 2 2
Penalty Kill 4 Players Forward
Center Wing Time % Phy DF OF
1 Alex Chiasson Cam Atkinson 60 1 2 2
2 Brian Flynn Hugh Jessiman 40 1 2 2
Penalty Kill 4 Players Defense
Defense Defense Time % Phy DF OF
1 Niklas Hjalmarsson Phil Oreskovic 60 1 2 2
2 Yannick Weber Jordie Benn 40 1 2 2
Penalty Kill - 3 Players Forward
Forward Time % Phy DF OF
1 Alex Chiasson 60 1 2 2
2 Cam Atkinson 40 1 2 2
Penalty Kill - 3 Players Defense
Defense Defense Time % Phy DF OF
1 Niklas Hjalmarsson Phil Oreskovic 60 1 2 2
2 Yannick Weber Jordie Benn 40 1 2 2
4 vs 4 Forward
Center Wing Time % Phy DF OF
1 Alex Chiasson Cam Atkinson 60 1 2 2
2 Brian Flynn Hugh Jessiman 40 1 2 2
4 vs 4 Defense
Defense Defense Time % Phy DF OF
1 Niklas Hjalmarsson Phil Oreskovic 60 1 2 2
2 Yannick Weber Jordie Benn 40 1 2 2
Last Minutes Offensive
Center Left Wing Right Wing Defense Defense
Brian Flynn Jesse Joensuu Alex Chiasson Niklas Hjalmarsson Phil Oreskovic
Last Minutes Defensive
Center Left Wing Right Wing Defense Defense
Brian Flynn Jesse Joensuu Alex Chiasson Niklas Hjalmarsson Phil Oreskovic
Goaltenders
Starting : Jhonas Enroth
Backup : Peter Delmas
Extra Forwards
Normal : Mathieu Perreault, Jesper Fast, Alexander Vasyunov - PP : Mathieu Perreault, Jesper Fast - PK : Alexander Vasyunov
Extra Defensemen
Normal : Andrej Sustr, Tyson Barrie, Yannick Weber - PP : Andrej Sustr - PK : Tyson Barrie, Yannick Weber
Penalty Shots
Alex Chiasson, Cam Atkinson, Brian Flynn, Hugh Jessiman, Dana Tyrell
Scratches
Scott Harrington (Healthy), Reece Willcox (Healthy), Ville Pokka (Healthy), Tyler Wotherspoon (Healthy), Alexander Khokhlachev (Healthy)
Anthony Camara (Healthy), Daniel Catenacci (Healthy), Duncan Siemens (Healthy), Dillon Simpson (Healthy), Scott Kosmachuck (Healthy)
Shawn Matthias (Left Leg Injury), Anthony Stolarz (Healthy)
% Time on Ice - Sasquatch
Lines # - Real PCT - Wanted PCT - Time Play
Normal Forward
1 - 35% - 40% - 15:57
2 - 27% - 30% - 12:33
3 - 22% - 20% - 10:14
4 - 15% - 10% - 7:01
Normal Defense
1 - 41% - 40% - 18:39
2 - 29% - 30% - 13:17
3 - 23% - 20% - 10:36
4 - 7% - 10% - 3:13
PP Forward
1 - 53% - 60% - 4:13
2 - 47% - 40% - 3:43
PP Defense
1 - 59% - 60% - 4:39
2 - 41% - 40% - 3:17
PK Forward
1 - 89% - 60% - 5:39
2 - 11% - 40% - 0:40
PK Defense
1 - 60% - 60% - 3:49
2 - 40% - 40% - 2:30
PK3 Forward
1 - 0% - 60%
2 - 0% - 40%
PK3 Defense
1 - 0% - 60%
2 - 0% - 40%
44 Forward
1 - 0% - 60%
2 - 0% - 40%
44 Defense
1 - 0% - 60%
2 - 0% - 40%
Last Minute Offensive - 0:00
Last Minute Defensive - 0:00
Total
Forward - 60:00
Defense - 60:00
|
% Time on Ice - Little Stars
Lines # - Real PCT - Wanted PCT - Time Play
Normal Forward
1 - 35% - 40% - 16:08
2 - 28% - 30% - 12:56
3 - 21% - 20% - 9:24
4 - 16% - 10% - 7:17
Normal Defense
1 - 42% - 40% - 19:15
2 - 29% - 30% - 13:15
3 - 29% - 30% - 13:15
4 - 0% - 0% - 0:00
PP Forward
1 - 57% - 60% - 3:37
2 - 43% - 40% - 2:42
PP Defense
1 - 56% - 60% - 3:33
2 - 44% - 40% - 2:46
PK Forward
1 - 76% - 60% - 6:02
2 - 24% - 40% - 1:54
PK Defense
1 - 63% - 60% - 4:58
2 - 37% - 40% - 2:58
PK3 Forward
1 - 0% - 60%
2 - 0% - 40%
PK3 Defense
1 - 0% - 60%
2 - 0% - 40%
44 Forward
1 - 0% - 60%
2 - 0% - 40%
44 Defense
1 - 0% - 60%
2 - 0% - 40%
Last Minute Offensive - 0:00
Last Minute Defensive - 0:00
Total
Forward - 60:00
Defense - 60:00
|
Play by Play
1st period
0:01 of 1st period - Brian Flynn wins face-off versus Jason Akeson in neutral zone.
0:30 of 1st period - Slapshot by Nick Leddy.
0:30 of 1st period - Deflect By Jason Zucker.
0:30 of 1st period - Shot Blocked by Phil Oreskovic.
0:30 of 1st period - Puck is out of play.
0:31 of 1st period - Nick Bjugstad wins face-off versus Mathieu Perreault in Little Stars zone.
1:37 of 1st period - Slapshot by Tyson Barrie.
1:37 of 1st period - Stopped by Corey Crawford without a rebound.
1:38 of 1st period - Brian Flynn wins face-off versus Drew Shore in Sasquatch zone.
1:42 of 1st period - Snap shot by Brian Flynn.
1:42 of 1st period - Shot Misses the Net.
1:44 of 1st period - Wrist shot by Alex Chiasson.
1:44 of 1st period - Stopped by Corey Crawford with a rebound.
1:46 of 1st period - Slapshot by Phil Oreskovic.
1:46 of 1st period - Stopped by Corey Crawford with a rebound.
1:48 of 1st period - Snap shot by Brian Flynn.
1:48 of 1st period - Shot Blocked by Nick Leddy.
1:55 of 1st period - Nick Leddy is hit by Phil Oreskovic and loses puck.
2:21 of 1st period - Icing by Brock Trotter.
2:22 of 1st period - Hugh Jessiman wins face-off versus Melker Karlsson in Sasquatch zone.
2:43 of 1st period - Dana Tyrell is hit by Matt Taormina and loses puck.
3:04 of 1st period - Alex Chiasson is hit by Nick Bjugstad.
3:13 of 1st period - Snap shot by Jason Zucker.
3:13 of 1st period - Shot Blocked by Andrej Sustr.
3:15 of 1st period - Slapshot by Matt Taormina.
3:15 of 1st period - Shot Blocked by Tyson Barrie.
3:47 of 1st period - Wrist shot by Robert Klinkhammer.
3:47 of 1st period - Shot Misses the Net.
3:55 of 1st period - Wrist shot by Dana Tyrell.
3:55 of 1st period - Stopped by Corey Crawford with a rebound.
4:09 of 1st period - Slapshot by Tyson Barrie.
4:09 of 1st period - Stopped by Corey Crawford without a rebound.
4:10 of 1st period - Jesper Fast wins face-off versus Jason Zucker in Sasquatch zone.
4:35 of 1st period - Jesse Joensuu is hit by Jason Akeson and loses puck.
5:36 of 1st period - Nick Bjugstad is hit by Jesse Joensuu and loses puck.
5:49 of 1st period - Minor Penalty to Nick Bjugstad for Interference.
5:50 of 1st period - Brian Flynn wins face-off versus Lauri Tukonen in Sasquatch zone.
5:55 of 1st period - Wrist shot by Brian Flynn.
5:55 of 1st period - Stopped by Corey Crawford without a rebound.
5:56 of 1st period - Brian Flynn wins face-off versus Drew Shore in Sasquatch zone.
6:03 of 1st period - Slapshot by Alex Chiasson.
6:03 of 1st period - Shot Misses the Net.
6:45 of 1st period - Drew Shore is hit by Jesse Joensuu.
7:28 of 1st period - Yannick Weber is hit by Sergey Kalinin and loses puck.
7:49 of 1st period - Penalty to Nick Bjugstad is over, Nick Bjugstad is back on ice.
8:00 of 1st period - Alexander Vasyunov is hit by Jason Zucker and loses puck.
8:26 of 1st period - Jesper Fast is hit by Sergey Kalinin and loses puck.
10:05 of 1st period - Snap shot by Jason Zucker.
10:05 of 1st period - Deflect By Brock Trotter.
10:05 of 1st period - Stopped by Jhonas Enroth without a rebound.
10:06 of 1st period - Melker Karlsson wins face-off versus Mathieu Perreault in Little Stars zone.
10:07 of 1st period - Snap shot by Brock Trotter.
10:07 of 1st period - Shot Hit the Post.
10:15 of 1st period - Slapshot by Mathieu Perreault.
10:15 of 1st period - Shot Misses the Net.
10:17 of 1st period - Wrist shot by Hugh Jessiman.
10:17 of 1st period - Stopped by Corey Crawford without a rebound.
10:18 of 1st period - Drew Shore wins face-off versus Jesse Joensuu in Sasquatch zone.
10:23 of 1st period - Brian Flynn is hit by Filip Forsberg and loses puck.
10:28 of 1st period - Snap shot by Jason Akeson.
10:28 of 1st period - Shot Misses the Net.
10:30 of 1st period - Snap shot by Drew Shore.
10:30 of 1st period - Shot Misses the Net.
10:44 of 1st period - Robert Klinkhammer is hit by Brandon Gormley and loses puck.
10:51 of 1st period - Snap shot by Matt Halischuk.
10:51 of 1st period - Deflect By Jason Zucker.
10:51 of 1st period - Shot Misses the Net.
10:51 of 1st period - Puck is out of play.
10:52 of 1st period - Dana Tyrell wins face-off versus Drew Shore in Little Stars zone.
11:03 of 1st period - Dana Tyrell is hit by Slava Voynov and loses puck.
11:31 of 1st period - Snap shot by Brian Flynn.
11:31 of 1st period - Stopped by Corey Crawford without a rebound.
11:32 of 1st period - Melker Karlsson wins face-off versus Brian Flynn in Sasquatch zone.
11:41 of 1st period - Snap shot by Brock Trotter.
11:41 of 1st period - Stopped by Jhonas Enroth with a rebound.
11:49 of 1st period - Brian Flynn is hit by Lauri Tukonen and loses puck.
12:29 of 1st period - Snap shot by Alex Chiasson.
12:29 of 1st period - Stopped by Corey Crawford with a rebound.
12:31 of 1st period - Snap shot by Brian Flynn.
12:31 of 1st period - Stopped by Corey Crawford with a rebound.
12:33 of 1st period - Snap shot by Niklas Hjalmarsson.
12:33 of 1st period - Stopped by Corey Crawford with a rebound.
12:37 of 1st period - Wrist shot by Brian Flynn.
12:37 of 1st period - Goal by Brian Flynn - Sasquatch : 0 - Little Stars : 1.
12:38 of 1st period - Dana Tyrell wins face-off versus Drew Shore in neutral zone.
12:53 of 1st period - Wrist shot by Cam Atkinson.
12:53 of 1st period - Deflect By Robert Klinkhammer.
12:53 of 1st period - Stopped by Corey Crawford with a rebound.
12:55 of 1st period - Minor Penalty to Drew Shore for Interference.
12:56 of 1st period - Teemu Hartikainen wins face-off versus Brian Flynn in Sasquatch zone.
13:21 of 1st period - Lauri Tukonen is hit by Cam Atkinson and loses puck.
14:55 of 1st period - Penalty to Drew Shore is over, Drew Shore is back on ice.
15:00 of 1st period - Snap shot by Mathieu Perreault.
15:00 of 1st period - Stopped by Corey Crawford with a rebound.
15:02 of 1st period - Slapshot by Andrej Sustr.
15:02 of 1st period - Shot Blocked by Drew Shore.
15:04 of 1st period - Wrist shot by Mathieu Perreault.
15:04 of 1st period - Shot Misses the Net.
15:34 of 1st period - Slapshot by Mathieu Perreault.
15:34 of 1st period - Shot Misses the Net.
16:03 of 1st period - Nick Leddy is hit by Mathieu Perreault and loses puck.
16:14 of 1st period - Wrist shot by Filip Forsberg.
16:14 of 1st period - Shot Misses the Net.
16:16 of 1st period - Snap shot by Sergey Kalinin.
16:16 of 1st period - Stopped by Jhonas Enroth without a rebound.
16:17 of 1st period - Daniel O'regan wins face-off versus Sergey Kalinin in Little Stars zone.
16:22 of 1st period - Niklas Hjalmarsson is hit by Matt Taormina.
16:26 of 1st period - Sergey Kalinin is hit by Andrej Sustr.
17:06 of 1st period - Drew Shore is hit by Cam Atkinson and loses puck.
17:29 of 1st period - Nick Leddy is hit by Jordie Benn and loses puck.
18:07 of 1st period - Snap shot by Nick Bjugstad.
18:07 of 1st period - Stopped by Jhonas Enroth with a rebound.
18:09 of 1st period - Slapshot by Nick Leddy.
18:09 of 1st period - Stopped by Jhonas Enroth with a rebound.
18:19 of 1st period - Jason Akeson is hit by Cam Atkinson and loses puck.
18:26 of 1st period - Snap shot by Cam Atkinson.
18:26 of 1st period - Shot Misses the Net.
18:28 of 1st period - Wrist shot by Dana Tyrell.
18:28 of 1st period - Stopped by Corey Crawford with a rebound.
18:30 of 1st period - Wrist shot by Robert Klinkhammer.
18:30 of 1st period - Deflect By Dana Tyrell.
18:30 of 1st period - Shot Blocked by Slava Voynov.
18:30 of 1st period - Puck is out of play.
18:31 of 1st period - Brian Flynn wins face-off versus Nick Bjugstad in Sasquatch zone.
19:00 of 1st period - Wrist shot by Cam Atkinson.
19:00 of 1st period - Shot Misses the Net.
19:20 of 1st period - Snap shot by Mathieu Perreault.
19:20 of 1st period - Stopped by Corey Crawford without a rebound.
19:21 of 1st period - Nick Bjugstad wins face-off versus Alexander Vasyunov in Sasquatch zone.
19:46 of 1st period - Jordie Benn is hit by Brock Trotter and loses puck.
Goals for this period are 0 for Sasquatch vs 1 for Little Stars.
Shots for this period are 5 for Sasquatch vs 16 for Little Stars.
2nd period
0:01 of 2nd period - Drew Shore wins face-off versus Brian Flynn in neutral zone.
0:26 of 2nd period - Dana Tyrell is hit by Patrick Wey and loses puck.
0:47 of 2nd period - Slapshot by Yannick Weber.
0:47 of 2nd period - Shot Blocked by Matt Taormina.
0:53 of 2nd period - Daniel O'regan is hit by Lauri Tukonen and loses puck.
0:58 of 2nd period - Wrist shot by Melker Karlsson.
0:58 of 2nd period - Stopped by Jhonas Enroth without a rebound.
0:59 of 2nd period - Drew Shore wins face-off versus Brian Flynn in Little Stars zone.
1:48 of 2nd period - Wrist shot by Brock Trotter.
1:48 of 2nd period - Shot Blocked by Hugh Jessiman.
1:52 of 2nd period - Snap shot by Melker Karlsson.
1:52 of 2nd period - Shot Misses the Net.
1:54 of 2nd period - Slapshot by Matt Taormina.
1:54 of 2nd period - Stopped by Jhonas Enroth with a rebound.
1:56 of 2nd period - Snap shot by Lauri Tukonen.
1:56 of 2nd period - Stopped by Jhonas Enroth with a rebound.
2:28 of 2nd period - Tyson Barrie is hit by Martin Marincin and loses puck.
2:47 of 2nd period - Nick Bjugstad is hit by Robert Klinkhammer and loses puck.
3:38 of 2nd period - Snap shot by Sergey Kalinin.
3:38 of 2nd period - Stopped by Jhonas Enroth without a rebound.
3:39 of 2nd period - Brian Flynn wins face-off versus Drew Shore in Little Stars zone.
4:25 of 2nd period - Snap shot by Jesper Fast.
4:25 of 2nd period - Goal by Jesper Fast - Sasquatch : 0 - Little Stars : 2.
4:26 of 2nd period - Brian Flynn wins face-off versus Drew Shore in neutral zone.
4:33 of 2nd period - Wrist shot by Alex Chiasson.
4:33 of 2nd period - Shot Misses the Net.
4:41 of 2nd period - Slapshot by Alex Chiasson.
4:41 of 2nd period - Deflect By Jesse Joensuu.
4:41 of 2nd period - Stopped by Corey Crawford with a rebound.
5:33 of 2nd period - Wrist shot by Brian Flynn.
5:33 of 2nd period - Stopped by Corey Crawford with a rebound.
6:13 of 2nd period - Backhand shot by Jesse Joensuu.
6:13 of 2nd period - Deflect By Brian Flynn.
6:13 of 2nd period - Shot Misses the Net.
6:13 of 2nd period - Puck is out of play.
6:14 of 2nd period - Nick Bjugstad wins face-off versus Dana Tyrell in Sasquatch zone.
6:21 of 2nd period - Slapshot by Nick Bjugstad.
6:21 of 2nd period - Deflect By Matt Halischuk.
6:21 of 2nd period - Stopped by Jhonas Enroth without a rebound.
6:22 of 2nd period - Nick Bjugstad wins face-off versus Robert Klinkhammer in Little Stars zone.
6:29 of 2nd period - Slapshot by Nick Bjugstad.
6:29 of 2nd period - Stopped by Jhonas Enroth with a rebound.
6:31 of 2nd period - Snap shot by Jason Zucker.
6:31 of 2nd period - Stopped by Jhonas Enroth without a rebound.
6:32 of 2nd period - Robert Klinkhammer wins face-off versus Drew Shore in Little Stars zone.
6:45 of 2nd period - Slapshot by Filip Forsberg.
6:45 of 2nd period - Stopped by Jhonas Enroth with a rebound.
7:20 of 2nd period - Slapshot by Matt Taormina.
7:20 of 2nd period - Stopped by Jhonas Enroth with a rebound.
7:26 of 2nd period - Wrist shot by Teemu Hartikainen.
7:26 of 2nd period - Goal by Teemu Hartikainen - Sasquatch : 1 - Little Stars : 2.
7:27 of 2nd period - Drew Shore wins face-off versus Jesse Joensuu in neutral zone.
7:27 of 2nd period - Jason Akeson is hit by Jesse Joensuu and loses puck.
8:13 of 2nd period - Wrist shot by Sergey Kalinin.
8:13 of 2nd period - Goal by Sergey Kalinin - Sasquatch : 2 - Little Stars : 2.
8:14 of 2nd period - Brian Flynn wins face-off versus Drew Shore in neutral zone.
8:19 of 2nd period - Wrist shot by Alex Chiasson.
8:19 of 2nd period - Stopped by Corey Crawford with a rebound.
8:21 of 2nd period - Snap shot by Brian Flynn.
8:21 of 2nd period - Shot Misses the Net.
9:09 of 2nd period - Off-side.
9:10 of 2nd period - Drew Shore wins face-off versus Brian Flynn in neutral zone.
9:13 of 2nd period - Jesse Joensuu is hit by Jason Akeson and loses puck.
9:26 of 2nd period - Slapshot by Brian Flynn.
9:26 of 2nd period - Shot Blocked by Jason Akeson.
9:36 of 2nd period - Mathieu Perreault is hit by Patrick Wey and loses puck.
9:49 of 2nd period - Patrick Wey is hit by Mathieu Perreault and loses puck.
10:00 of 2nd period - Tyson Barrie is hit by Nick Leddy.
10:19 of 2nd period - Wrist shot by Alex Chiasson.
10:19 of 2nd period - Stopped by Corey Crawford with a rebound.
10:29 of 2nd period - Jordie Benn is hit by Petr Straka and loses puck.
10:43 of 2nd period - Yannick Weber is hit by Brandon Gormley and loses puck.
10:52 of 2nd period - Slapshot by Cam Atkinson.
10:52 of 2nd period - Stopped by Corey Crawford with a rebound.
11:05 of 2nd period - Matt Taormina is hit by Hugh Jessiman and loses puck.
11:14 of 2nd period - Snap shot by Mathieu Perreault.
11:14 of 2nd period - Shot Misses the Net.
11:28 of 2nd period - Snap shot by Brock Trotter.
11:28 of 2nd period - Shot Blocked by Niklas Hjalmarsson.
11:30 of 2nd period - Snap shot by Melker Karlsson.
11:30 of 2nd period - Stopped by Jhonas Enroth without a rebound.
11:31 of 2nd period - Drew Shore wins face-off versus Brian Flynn in Little Stars zone.
11:34 of 2nd period - Wrist shot by Filip Forsberg.
11:34 of 2nd period - Shot Misses the Net.
11:36 of 2nd period - Snap shot by Jason Akeson.
11:36 of 2nd period - Deflect By Brian Flynn.
11:36 of 2nd period - Shot Blocked by Tyson Barrie.
11:36 of 2nd period - Puck is out of play.
11:37 of 2nd period - Jesse Joensuu wins face-off versus Drew Shore in Little Stars zone.
11:39 of 2nd period - Icing by Tyson Barrie.
11:40 of 2nd period - Brian Flynn wins face-off versus Drew Shore in Little Stars zone.
11:49 of 2nd period - Brian Flynn is hit by Drew Shore and loses puck.
11:58 of 2nd period - Patrick Wey is hit by Brian Flynn and loses puck.
12:05 of 2nd period - Slapshot by Nick Leddy.
12:05 of 2nd period - Stopped by Jhonas Enroth without a rebound.
12:06 of 2nd period - Dana Tyrell wins face-off versus Nick Bjugstad in Little Stars zone.
12:37 of 2nd period - Off-side.
12:38 of 2nd period - Mathieu Perreault wins face-off versus Drew Shore in neutral zone.
12:49 of 2nd period - Wrist shot by Mathieu Perreault.
12:49 of 2nd period - Stopped by Corey Crawford with a rebound.
12:51 of 2nd period - Snap shot by Mathieu Perreault.
12:51 of 2nd period - Deflect By Hugh Jessiman.
12:51 of 2nd period - Goal by Hugh Jessiman - Sasquatch : 2 - Little Stars : 3.
12:52 of 2nd period - Brian Flynn wins face-off versus Drew Shore in neutral zone.
12:54 of 2nd period - Off-side.
12:55 of 2nd period - Brian Flynn wins face-off versus Drew Shore in neutral zone.
12:58 of 2nd period - Martin Marincin is hit by Brian Flynn and loses puck.
13:04 of 2nd period - Icing by Slava Voynov.
13:05 of 2nd period - Brian Flynn wins face-off versus Drew Shore in Sasquatch zone.
13:16 of 2nd period - Wrist shot by Alex Chiasson.
13:16 of 2nd period - Shot Misses the Net.
13:38 of 2nd period - Wrist shot by Filip Forsberg.
13:38 of 2nd period - Stopped by Jhonas Enroth with a rebound.
13:40 of 2nd period - Slapshot by Martin Marincin.
13:40 of 2nd period - Deflect By Jordie Benn.
13:40 of 2nd period - Stopped by Jhonas Enroth without a rebound.
13:41 of 2nd period - Nick Bjugstad wins face-off versus Brian Flynn in Little Stars zone.
13:52 of 2nd period - Snap shot by Jesse Joensuu.
13:52 of 2nd period - Shot Misses the Net.
13:54 of 2nd period - Minor Penalty to Nick Leddy for Holding.
13:55 of 2nd period - Brian Flynn wins face-off versus Drew Shore in Sasquatch zone.
14:00 of 2nd period - Snap shot by Alex Chiasson.
14:00 of 2nd period - Stopped by Corey Crawford without a rebound.
14:01 of 2nd period - Drew Shore wins face-off versus Brian Flynn in Sasquatch zone.
14:16 of 2nd period - Backhand shot by Alex Chiasson.
14:16 of 2nd period - Goal by Alex Chiasson - Sasquatch : 2 - Little Stars : 4.
14:17 of 2nd period - Drew Shore wins face-off versus Alex Chiasson in neutral zone.
14:22 of 2nd period - Slapshot by Brandon Gormley.
14:22 of 2nd period - Stopped by Jhonas Enroth with a rebound.
14:24 of 2nd period - Wrist shot by Drew Shore.
14:24 of 2nd period - Shot Misses the Net.
14:26 of 2nd period - Snap shot by Drew Shore.
14:26 of 2nd period - Stopped by Jhonas Enroth with a rebound.
14:28 of 2nd period - Snap shot by Drew Shore.
14:28 of 2nd period - Stopped by Jhonas Enroth with a rebound.
14:44 of 2nd period - Matt Taormina is hit by Hugh Jessiman.
14:52 of 2nd period - Backhand shot by Mathieu Perreault.
14:52 of 2nd period - Shot Misses the Net.
14:54 of 2nd period - Backhand shot by Alexander Vasyunov.
14:54 of 2nd period - Stopped by Corey Crawford without a rebound.
14:55 of 2nd period - Nick Bjugstad wins face-off versus Dana Tyrell in Sasquatch zone.
14:57 of 2nd period - Icing by Matt Halischuk.
14:58 of 2nd period - Dana Tyrell wins face-off versus Matt Halischuk in Sasquatch zone.
15:11 of 2nd period - Slapshot by Nick Leddy.
15:11 of 2nd period - Shot Misses the Net.
15:13 of 2nd period - Slapshot by Patrick Wey.
15:13 of 2nd period - Stopped by Jhonas Enroth without a rebound.
15:14 of 2nd period - Brian Flynn wins face-off versus Drew Shore in Little Stars zone.
16:03 of 2nd period - Slapshot by Cam Atkinson.
16:03 of 2nd period - Shot Blocked by Nick Leddy.
16:52 of 2nd period - Slapshot by Niklas Hjalmarsson.
16:52 of 2nd period - Stopped by Corey Crawford without a rebound.
16:53 of 2nd period - Drew Shore wins face-off versus Dana Tyrell in Sasquatch zone.
17:09 of 2nd period - Slapshot by Filip Forsberg.
17:09 of 2nd period - Stopped by Jhonas Enroth with a rebound.
17:15 of 2nd period - Minor Penalty to Jordie Benn for Roughing.
17:16 of 2nd period - Drew Shore wins face-off versus Alex Chiasson in Little Stars zone.
17:31 of 2nd period - Wrist shot by Nick Leddy.
17:31 of 2nd period - Deflect By Drew Shore.
17:31 of 2nd period - Stopped by Jhonas Enroth without a rebound.
17:32 of 2nd period - Drew Shore wins face-off versus Alex Chiasson in Little Stars zone.
17:35 of 2nd period - Backhand shot by Drew Shore.
17:35 of 2nd period - Shot Misses the Net.
17:37 of 2nd period - Slapshot by Patrick Wey.
17:37 of 2nd period - Shot Misses the Net.
17:39 of 2nd period - Slapshot by Nick Leddy.
17:39 of 2nd period - Shot Misses the Net.
17:45 of 2nd period - Wrist shot by Drew Shore.
17:45 of 2nd period - Shot Blocked by Niklas Hjalmarsson.
18:37 of 2nd period - Icing by Matt Taormina.
18:38 of 2nd period - Michael Mersch wins face-off versus Drew Shore in Sasquatch zone.
19:15 of 2nd period - Penalty to Jordie Benn is over, Jordie Benn is back on ice.
19:22 of 2nd period - Nick Leddy is hit by Hugh Jessiman and loses puck.
19:38 of 2nd period - Slapshot by Andrej Sustr.
19:38 of 2nd period - Shot Blocked by Brock Trotter.
Goals for this period are 2 for Sasquatch vs 3 for Little Stars.
Shots for this period are 21 for Sasquatch vs 12 for Little Stars.
3rd period
0:01 of 3rd period - Brian Flynn wins face-off versus Drew Shore in neutral zone.
0:09 of 3rd period - Slapshot by Alex Chiasson.
0:09 of 3rd period - Shot Blocked by Matt Taormina.
0:13 of 3rd period - Slapshot by Brian Flynn.
0:13 of 3rd period - Stopped by Corey Crawford without a rebound.
0:14 of 3rd period - Drew Shore wins face-off versus Brian Flynn in Sasquatch zone.
1:04 of 3rd period - Matt Taormina is hit by Daniel O'regan and loses puck.
1:18 of 3rd period - Off-side.
1:19 of 3rd period - Mathieu Perreault wins face-off versus Sergey Kalinin in neutral zone.
1:34 of 3rd period - Wrist shot by Niklas Hjalmarsson.
1:34 of 3rd period - Stopped by Corey Crawford without a rebound.
1:35 of 3rd period - Drew Shore wins face-off versus Brian Flynn in Sasquatch zone.
1:35 of 3rd period - Drew Shore is hit by Brian Flynn.
2:24 of 3rd period - Daniel O'regan is hit by Brandon Gormley.
2:34 of 3rd period - Brock Trotter is hit by Michael Mersch and loses puck.
2:47 of 3rd period - Slava Voynov is hit by Hugh Jessiman and loses puck.
3:14 of 3rd period - Snap shot by Dana Tyrell.
3:14 of 3rd period - Goal by Dana Tyrell - Sasquatch : 2 - Little Stars : 5.
3:15 of 3rd period - Brian Flynn wins face-off versus Drew Shore in neutral zone.
3:17 of 3rd period - Minor Penalty to Jesse Joensuu for Delaying the game.
3:18 of 3rd period - Jason Akeson wins face-off versus Alex Chiasson in Little Stars zone.
3:48 of 3rd period - Wrist shot by Jason Zucker.
3:48 of 3rd period - Stopped by Jhonas Enroth with a rebound.
4:45 of 3rd period - Filip Forsberg is hit by Michael Mersch and loses puck.
5:06 of 3rd period - Cam Atkinson is hit by Melker Karlsson and loses puck.
5:17 of 3rd period - Penalty to Jesse Joensuu is over, Jesse Joensuu is back on ice.
5:27 of 3rd period - Snap shot by Hugh Jessiman.
5:27 of 3rd period - Shot Blocked by Nick Leddy.
5:29 of 3rd period - Slapshot by Andrej Sustr.
5:29 of 3rd period - Shot Blocked by Patrick Wey.
5:31 of 3rd period - Snap shot by Alexander Vasyunov.
5:31 of 3rd period - Shot Misses the Net.
5:33 of 3rd period - Wrist shot by Alexander Vasyunov.
5:33 of 3rd period - Shot Misses the Net.
5:43 of 3rd period - Snap shot by Jesper Fast.
5:43 of 3rd period - Stopped by Corey Crawford without a rebound.
5:44 of 3rd period - Sergey Kalinin wins face-off versus Daniel O'regan in Sasquatch zone.
5:51 of 3rd period - Slapshot by Jordie Benn.
5:51 of 3rd period - Deflect By Jesper Fast.
5:51 of 3rd period - Stopped by Corey Crawford with a rebound.
5:53 of 3rd period - Wrist shot by Jesper Fast.
5:53 of 3rd period - Shot Misses the Net.
5:55 of 3rd period - Slapshot by Jesper Fast.
5:55 of 3rd period - Shot Misses the Net.
5:57 of 3rd period - Wrist shot by Jesper Fast.
5:57 of 3rd period - Shot Misses the Net.
5:59 of 3rd period - Wrist shot by Jesper Fast.
5:59 of 3rd period - Stopped by Corey Crawford with a rebound.
6:09 of 3rd period - Mathieu Perreault is hit by Slava Voynov and loses puck.
6:17 of 3rd period - Slapshot by Martin Marincin.
6:17 of 3rd period - Stopped by Jhonas Enroth without a rebound.
6:18 of 3rd period - Brian Flynn wins face-off versus Drew Shore in Little Stars zone.
6:24 of 3rd period - Icing by Phil Oreskovic.
6:25 of 3rd period - Brian Flynn wins face-off versus Filip Forsberg in Little Stars zone.
6:31 of 3rd period - Icing by Niklas Hjalmarsson.
6:32 of 3rd period - Alex Chiasson wins face-off versus Drew Shore in Little Stars zone.
6:49 of 3rd period - Snap shot by Jesse Joensuu.
6:49 of 3rd period - Shot Misses the Net.
6:57 of 3rd period - Wrist shot by Alex Chiasson.
6:57 of 3rd period - Deflect By Jesse Joensuu.
6:57 of 3rd period - Shot Misses the Net.
6:57 of 3rd period - Puck is out of play.
6:58 of 3rd period - Nick Bjugstad wins face-off versus Dana Tyrell in Sasquatch zone.
7:26 of 3rd period - Brandon Gormley is hit by Jesper Fast and loses puck.
8:10 of 3rd period - Wrist shot by Brock Trotter.
8:10 of 3rd period - Deflect By Melker Karlsson.
8:10 of 3rd period - Shot Blocked by Yannick Weber.
8:10 of 3rd period - Puck is out of play.
8:11 of 3rd period - Melker Karlsson wins face-off versus Dana Tyrell in Little Stars zone.
8:24 of 3rd period - Wrist shot by Lauri Tukonen.
8:24 of 3rd period - Shot Misses the Net.
8:52 of 3rd period - Snap shot by Nick Leddy.
8:52 of 3rd period - Stopped by Jhonas Enroth without a rebound.
8:53 of 3rd period - Brian Flynn wins face-off versus Drew Shore in Little Stars zone.
8:53 of 3rd period - Minor Penalty to Niklas Hjalmarsson for Tripping.
8:54 of 3rd period - Drew Shore wins face-off versus Alex Chiasson in Little Stars zone.
8:55 of 3rd period - Wrist shot by Jason Akeson.
8:55 of 3rd period - Stopped by Jhonas Enroth with a rebound.
9:25 of 3rd period - Cam Atkinson is hit by Nick Bjugstad and loses puck.
10:28 of 3rd period - Drew Shore is hit by Tyson Barrie and loses puck.
10:53 of 3rd period - Penalty to Niklas Hjalmarsson is over, Niklas Hjalmarsson is back on ice.
11:44 of 3rd period - Drew Shore is hit by Mathieu Perreault and loses puck.
12:01 of 3rd period - Minor Penalty to Drew Shore for Interference.
12:02 of 3rd period - Alex Chiasson wins face-off versus Teemu Hartikainen in Sasquatch zone.
12:20 of 3rd period - Icing by Cam Atkinson.
12:21 of 3rd period - Dana Tyrell wins face-off versus Teemu Hartikainen in Little Stars zone.
13:50 of 3rd period - Icing by Jesse Joensuu.
13:51 of 3rd period - Brian Flynn wins face-off versus Teemu Hartikainen in Little Stars zone.
14:01 of 3rd period - Penalty to Drew Shore is over, Drew Shore is back on ice.
14:18 of 3rd period - Wrist shot by Jason Akeson.
14:18 of 3rd period - Shot Misses the Net.
14:50 of 3rd period - Niklas Hjalmarsson is hit by Matt Taormina and loses puck.
15:53 of 3rd period - Off-side.
15:54 of 3rd period - Dana Tyrell wins face-off versus Drew Shore in neutral zone.
15:57 of 3rd period - Slapshot by Yannick Weber.
15:57 of 3rd period - Deflect By Nick Leddy.
15:57 of 3rd period - Stopped by Corey Crawford without a rebound.
15:58 of 3rd period - Drew Shore wins face-off versus Dana Tyrell in Sasquatch zone.
15:58 of 3rd period - Drew Shore is hit by Yannick Weber.
16:04 of 3rd period - Snap shot by Cam Atkinson.
16:04 of 3rd period - Goal by Cam Atkinson - Sasquatch : 2 - Little Stars : 6.
16:05 of 3rd period - Brian Flynn wins face-off versus Drew Shore in neutral zone.
16:30 of 3rd period - Matt Halischuk is hit by Yannick Weber and loses puck.
16:35 of 3rd period - Snap shot by Dana Tyrell.
16:35 of 3rd period - Shot Blocked by Nick Leddy.
16:37 of 3rd period - Slapshot by Niklas Hjalmarsson.
16:37 of 3rd period - Shot Misses the Net.
16:39 of 3rd period - Slapshot by Phil Oreskovic.
16:39 of 3rd period - Deflect By Nick Bjugstad.
16:39 of 3rd period - Goal by Phil Oreskovic - Sasquatch : 2 - Little Stars : 7.
16:40 of 3rd period - Brian Flynn wins face-off versus Drew Shore in neutral zone.
16:45 of 3rd period - Snap shot by Brian Flynn.
16:45 of 3rd period - Shot Misses the Net.
16:47 of 3rd period - Snap shot by Alex Chiasson.
16:47 of 3rd period - Goal by Alex Chiasson - Sasquatch : 2 - Little Stars : 8.
16:48 of 3rd period - Drew Shore wins face-off versus Brian Flynn in neutral zone.
16:51 of 3rd period - Jordie Benn is hit by Drew Shore and loses puck.
16:53 of 3rd period - Minor Penalty to Jordie Benn for Boarding.
16:54 of 3rd period - Cam Atkinson wins face-off versus Drew Shore in Little Stars zone.
17:35 of 3rd period - Jason Zucker is hit by Hugh Jessiman and loses puck.
18:53 of 3rd period - Penalty to Jordie Benn is over, Jordie Benn is back on ice.
19:06 of 3rd period - Snap shot by Melker Karlsson.
19:06 of 3rd period - Shot Blocked by Jordie Benn.
19:08 of 3rd period - Wrist shot by Melker Karlsson.
19:08 of 3rd period - Deflect By Lauri Tukonen.
19:08 of 3rd period - Stopped by Jhonas Enroth with a rebound.
19:10 of 3rd period - Slapshot by Melker Karlsson.
19:10 of 3rd period - Stopped by Jhonas Enroth with a rebound.
19:22 of 3rd period - Wrist shot by Cam Atkinson.
19:22 of 3rd period - Shot Misses the Net.
19:43 of 3rd period - Matt Taormina is hit by Phil Oreskovic and loses puck.
Goals for this period are 0 for Sasquatch vs 4 for Little Stars.
Shots for this period are 6 for Sasquatch vs 10 for Little Stars.
Back to the Top